 Dungeon Crawl Stone Soup version 0.25.1-2-g60ff931df9 (webtiles) character file.

Game seed: 741869515184090597

147710 KyoPewz the Unseen (level 16, 0/70 HPs)
             Began as a Felid Enchanter on Sept 30, 2020.
             Was the Champion of Dithmenos.
             Shot with an arrow by a centaur warrior (9 damage)
             ... on level 14 of the Dungeon on Oct 2, 2020.
             The game lasted 08:49:41 (69769 turns).

KyoPewz the Unseen (Felid Enchanter)               Turns: 69769, Time: 08:49:42

Health: 0/70       AC:  3    Str: 12    XL:     16   Next: 28%
Magic:  28/28      EV: 31    Int: 18    God:    Dithmenos [******]
Gold:   216        SH:  0    Dex: 18    Spells: 3/30 levels left
                                        Lives:  0   Deaths: 4

rFire    + + .     SeeInvis +     - Unarmed
rCold    . . .     Gourm    .   (shield unavailable)
rNeg     + + .     Faith    .   (armour unavailable)
rPois    +         Spirit   .   (helmet unavailable)
rElec    .         Reflect  .   (cloak unavailable)
rCorr    .         Harm     .   (gloves unavailable)
MR       +++..                  (boots unavailable)
Stlth    ++++++++++             W - amulet of Jares {Regen+ Slay+3}
HPRegen  0.61/turn              G - ring of Estruol {*Corrode rF+ MR+ Str+8 Stlth+}
MPRegen  0.21/turn              S - ring "Muav" {Fire rPois rN++ Dex-4 Slay+4}

@: wreathed by umbra, quick
A: very small, no armour, no weapons or thrown items, stealth, claws 1, fangs 3,
see invisible, carnivore, speed 1, shaggy fur 3, slow metabolism 1, sharp paws
}: 2/15 runes: decaying, serpentine
a: Shadow Step, Shadow Form, Renounce Religion


You were on level 14 of the Dungeon.
You worshipped Dithmenos.
Dithmenos was exalted by your worship.
You were completely stuffed.

You visited 6 branches of the dungeon, and saw 31 of its levels.

You collected 2761 gold pieces.
You spent 2545 gold pieces at shops.

Inventory:

Jewellery
 a - an uncursed ring of ice
   (You found it on level 1 of the Dungeon)
 i - an uncursed ring of protection from fire
   (You found it on level 3 of the Lair of Beasts)
 l - an uncursed ring of protection from magic
   (You found it on level 6 of the Lair of Beasts)
 o - an uncursed ring of protection from cold
   (You bought it in a shop on level 7 of the Dungeon)
 s - an uncursed amulet of guardian spirit
   (You found it on level 8 of the Dungeon)
 w - an uncursed ring of flight
   (You found it on level 5 of the Dungeon)
 G - the ring of Estruol (left paw) {*Corrode rF+ MR+ Str+8 Stlth+}
   (You bought it in a shop on level 13 of the Dungeon)

   [ring of protection from fire]

   It affects your strength (+8).
   It protects you from fire.
   It affects your resistance to hostile enchantments.
   It may corrode you when you take damage.
   It makes you more stealthy.
 S - the ring "Muav" (right paw) {Fire rPois rN++ Dex-4 Slay+4}
   (You found it on level 6 of the Lair of Beasts)

   [ring of fire]

   It enhances your fire magic.
   It affects your dexterity (-4).
   It affects your accuracy and damage with ranged weapons and melee attacks
   (+4).
   It protects you from fire.
   It makes you vulnerable to cold.
   It protects you from poison.
   It greatly protects you from negative energy.
 T - a +6 ring of strength
   (You bought it in a shop on level 9 of the Dungeon)
 W - the amulet of Jares (around neck) {Regen+ Slay+3}
   (You found it on level 4 of the Snake Pit)

   [amulet of regeneration]

   It affects your accuracy and damage with ranged weapons and melee attacks
   (+3).
   It increases your rate of regeneration.
Wands
 c - a wand of disintegration (6)
   (You found it on level 12 of the Dungeon)
 d - a wand of iceblast (10)
   (You found it on level 9 of the Dungeon)
 t - a wand of flame (7)
   (You found it on level 9 of the Dungeon)
 u - a wand of paralysis (23)
   (You found it on level 9 of the Dungeon)
 x - a wand of acid (2)
   (You bought it in a shop on level 9 of the Dungeon)
 H - a wand of polymorph (19)
   (You found it on level 10 of the Dungeon)
 J - a wand of clouds (5)
   (You found it on level 2 of the Lair of Beasts)
 V - a wand of enslavement (4)
   (You found it on level 2 of the Swamp)
Scrolls
 b - 7 scrolls of amnesia
 j - 10 scrolls of remove curse {@r2}
 m - 5 scrolls of magic mapping
 p - 4 scrolls of fog
 r - 9 scrolls of immolation {!r}
 y - 2 scrolls of vulnerability {!r}
 C - 12 scrolls of teleportation {@r4}
 E - 13 scrolls of identify {@r1}
 K - 5 scrolls of blinking
 L - 6 scrolls of fear
 N - a scroll of summoning
 R - a scroll of silence
Potions
 f - 6 potions of flight
 g - 9 potions of curing {@q1}
 h - 7 potions of lignification {!q}
 k - 4 potions of mutation {!q}
 n - 3 potions of resistance
 v - 6 potions of heal wounds {@q2}
 z - 2 potions of cancellation
 A - 7 potions of might
 B - 2 potions of stabbing
 D - 3 potions of invisibility
 F - a potion of berserk rage
 I - 4 potions of brilliance
 M - a potion of ambrosia
 O - 7 potions of haste {@q3}
Miscellaneous
 P - a phantom mirror
 Q - a phial of floods
   (You found it on level 6 of the Lair of Beasts)
Comestibles
 e - 22 rations {!d}


   Skills:
 - Level 8.0 Fighting
 - Level 15.0 Dodging
 - Level 18.0 Stealth
 - Level 15.0 Unarmed Combat
 + Level 7.6 Spellcasting
 + Level 7.6 Conjurations
 - Level 16.2 Hexes
 - Level 5.0 Translocations
 + Level 7.8 Ice Magic
 - Level 5.0 Air Magic
 - Level 4.0 Poison Magic
 - Level 11.0 Invocations
 - Level 10.0 Evocations


You had 3 spell levels left.
You knew the following spells:

 Your Spells              Type           Power        Failure   Level  Hunger
a - Corona                Hex            ######.      0%          1    None
b - Dazzling Flash        Conj/Hex       #####.       1%          3    #......
c - Confusing Touch       Hex            ######..     1%          3    #......
d - Tukima's Dance        Hex            ######..     1%          3    #......
e - Hailstorm             Conj/Ice       ####....     4%          4    ###....
f - Poisonous Vapours     Pois/Air       ###...       2%          2    None
g - Blink                 Tloc           N/A          1%          2    None
h - Mephitic Cloud        Conj/Pois/Air  ####....     3%          3    #......
i - Airstrike             Air            ###.......   13%         4    ###....
x - Ensorcelled Hibernat  Hex/Ice        ######       1%          2    None

Your spell library contained the following spells:

 Spells                   Type           Power        Failure   Level  Hunger
 Freeze                   Ice            ####         1%          1    None
 Magic Dart               Conj           ####         1%          1    None
 Shock                    Conj/Air       ####         1%          1    None
 Searing Ray              Conj           ####..       1%          2    None
 Slow                     Hex            ######..     1%          2    None
 Frozen Ramparts          Ice            #####.       1%          3    #......
 Inner Flame              Hex/Fire       ######..     1%          3    #......
 Summon Guardian Golem    Hex/Summ       #####...     1%          3    #......
 Static Discharge         Conj/Air       ####....     2%          3    #......
 Sting                    Tmut/Pois      ##..         4%          1    None
 Swiftness                Chrm/Air       ###.....     5%          2    None
 Conjure Flame            Conj/Fire      ####....     6%          3    #......
 Ozocubu's Armour         Chrm/Ice       ###.....     6%          3    #......
 Stone Arrow              Conj/Erth      ###...       6%          3    #......
 Sandblast                Erth           #.....       11%         1    None
 Call Imp                 Summ           #.......     16%         2    None
 Passwall                 Tmut/Erth      #.......     16%         2    None
 Sublimation of Blood     Necr           #.........   16%         2    None
 Ignite Poison            Fire/Tmut/Pois ###.....     19%         3    #......
 Cause Fear               Hex            ######....   1%          4    ###....
 Fulminant Prism          Conj/Hex       #####.....   1%          4    ###....
 Metabolic Englaciation   Hex/Ice        ######....   1%          5    #####..
 Darkness                 Hex            ######....   1%          6    ######.
 Silence                  Hex/Air        #####.....   3%          5    #####..
 Iskenderun's Mystic Bla  Conj/Tloc      ####....     8%          4    ###....
 Summon Mana Viper        Hex/Summ       #####...     10%         5    #####..
 Summon Ice Beast         Ice/Summ       ###.....     21%         4    ###....
 Lightning Bolt           Conj/Air       ####......   22%         5    #####..
 Summon Lightning Spire   Summ/Air       ###.....     36%         4    ###....
 Irradiate                Conj/Tmut      ###.......   52%         5    #####..
 Iskenderun's Battlesphe  Conj/Chrm      ###.....     52%         5    #####..
 Freezing Cloud           Conj/Ice/Air   ####......   67%         6    ######.
 Bolt of Magma            Conj/Fire/Erth ###.......   69%         5    #####..
 Petrify                  Tmut/Erth      #.......     71%         4    ###....
 Conjure Ball Lightning   Conj/Air       ####......   75%         6    ######.
 Alistair's Intoxication  Tmut/Pois      ##......     77%         5    #####..
 Lee's Rapid Deconstruct  Erth           #.........   96%         5    #####..
 Iron Shot                Conj/Erth      ###.......   97%         6    ######.
 Orb of Destruction       Conj           ####......   98%         7    #######
 Eringya's Noxious Bog    Tmut/Pois      ##........   100%        6    ######.
 Dragon Form              Tmut           #.........   100%        7    #######
 Ring of Flames           Chrm/Fire      ##........   100%        7    #######
 Spellforged Servitor     Conj/Summ      ###.......   100%        7    #######
 Tornado                  Air            ###.......   100%        9    #######


Dungeon Overview and Level Annotations

Branches:
Dungeon (14/15)            Temple (1/1) D:7            Lair (6/6) D:10
  Swamp (4/4) Lair:3        Snake (4/4) Lair:2        Slime (0/5) Lair:5
    Orc (2/2) D:12            Elf (0/3) Orc:2
 Vaults: D:13-14

Altars:
Ashenzari
Cheibriados
Dithmenos
Fedhas
Hepliaklqana
Kikubaaqudgha
Makhleb
Okawaru
Qazlal
Ru
Trog
Uskayaw
Xom
The Shining One
Jiyva

Shops:
D:4 *   D:5 [   D:6 !   D:7 *   D:8 ?   D:9 (([*   D:11 *   D:13 =   Orc:2 :(*[
Snake:1 *

Annotations:
D:2 D2 Sigmund as Felid are you joking
D:5 menkakure woke up
D:10 three death yaks
D:14 Frances
Swamp:3 1 runed translucent door , tentacle monstrosoty, thorn hunter, Uhagir's ghost, adept GrFi
Swamp:4 3 runed translucent doors, Almogavar's ghost, adept MiBe
Snake:2 exclusion: downstairs


Innate Abilities, Weirdness & Mutations

You cannot wear armour.
You are incapable of wielding weapons or throwing items.
Your paws allow you to move quietly. (Stealth)
You have sharp claws.
You have razor-sharp teeth.
You have supernaturally acute eyesight. (SInv)
You are carnivorous and can eat meat at any time.
You cover ground quickly.
Your thick and shaggy fur keeps you warm. (AC +3, rC+)
You have a slow metabolism.
Your sharp claws are effective at attacking unaware monsters.


Message History

A crystal wall.
This square is wreathed by an umbra.
Aim: a wizard, wielding a +0 dagger of flaming and wearing a +0 robe (umbra)
The air twists around and strikes the wizard!
Your shadow mimicks your spell!
The shadow shard hits the wizard!!
You kill the wizard!
Dithmenos accepts your kill.
You hear a shout!
An orc knight comes into view. It is wielding a +0 battleaxe.
Aim: an orc knight, wielding a +0 battleaxe and wearing a +0 plate armour (umbra, chance to defeat MR: 55%)
The orc knight looks drowsy...
Your shadow mimicks your spell!
The orc knight is unaffected.
A centaur warrior comes into view.
It is wearing the ring "Itrevaun" {rF+ rN+ MP+9}.
All of the chunks of flesh in your inventory have rotted away.
The helpless orc knight fails to defend itself.
You eviscerate the orc knight!!!!!
You kill the orc knight!
Dithmenos accepts your kill.
Found a dazzling eveningstar.
Items here: )) [[ † a +0 battleaxe; a +0 plate armour; a +0 dagger of flaming; a +0 robe a human corpse You butcher the human corpse.
Items here: % )) [[ ÷
Aim: a centaur warrior, wearing the ring "Itrevaun" {rF+ rN+ MP+9} and quivering 12 arrows (wandering, hasn't noticed you, umbra, chance to defeat MR: 55%)
The centaur warrior shouts!
The centaur warrior looks drowsy...
A crimson imp comes into view. It is carrying a wand of acid (8).
A centaur warrior comes into view.
Items here: % )) [[ ÷ A centaur warrior comes into view.
The centaur warrior shouts!
The centaur warrior wields a +0 shortbow.
The centaur warrior shoots an arrow.
The arrow barely misses you.
The centaur warrior shouts!
You hear an angry hiss.
You hear a shout!
The centaur warrior shoots an arrow.
The arrow hits you!
The centaur warrior wields a +0 shortbow.
The centaur warrior shoots an arrow.
The arrow hits you!
You see here 2 arrows.
The centaur warrior shoots an arrow.
The arrow hits you!!
* * * LOW HITPOINT WARNING * * *
You emit a cloud of dark smoke.
You see here an arrow.
The centaur warrior shoots an arrow.
The arrow hits you!!
* * * LOW HITPOINT WARNING * * *
The centaur warrior shoots an arrow.
The arrow hits you!
You die...

.....†..# #.......##..##
.......... ....
#.######.#..#
[.........##.. #.# ##...#
..........##.. #.## ##..#
.............. #..#
#####..#
####....#....######..#
#.<....#
.......?..........#
#......#
#...c..(.§.....###..#####
#..c...(§.@.........#
........§.§..)..###..#
...#.........#..# #..# .
#....!....#..# #..#
#.........#.## #..#
#.........#.# #..#
#........)#.. ...#
#....######.. ...# .....
..# ##.#


You could see 2 centaur warriors.

Vanquished Creatures
  Jorgrun (D:13)
  Rupert (D:12)
  Gastronok (Orc:1)
  Kirke (D:12)
  A thorn hunter (Swamp:2)
  Agnes (Snake:4)
  10 nagarajas
  Aizul (Snake:4)
  An orc warlord (Orc:1)
  The ghost of nyroko the Destroyer, a journeyman GnCj of Ashenzari (Lair:6)
  Azrael (Snake:2)
  The ghost of tensugalgo the Grappler, a journeyman TrFi of Sif Muna (Orc:2)
  15 naga warriors
  A shambling mangrove (Swamp:2)
  11 hydras
  2 centaur warriors
  2 ghost crabs
  5 two-headed ogres
  12 alligators
  21 anacondas
  15 death yaks
  4 catoblepae
  A tengu warrior (D:13)
  11 shock serpents
  5 orc high priests
  17 naga sharpshooters
  Sonja (D:13)
  A spriggan (Swamp:2)
  A skeletal warrior (D:14)
  4 salamander mystics
  A death drake (shapeshifter) (D:13)
  An unseen horror (D:12)
  18 naga ritualists
  2 swamp dragons
  3 spectral hydras (Swamp:4)
  A wizard (D:14)
  2 phantasmal warriors (Swamp:4)
  5 orc knights
  22 mana vipers
  A deep elf mage (D:12)
  Pikel (D:9)
  9 salamanders
  7 orc sorcerers
  3 manticores
  6 guardian serpents
  12 elephants
  19 naga magi
  Joseph (D:8)
  Maurice (Orc:2)
  42 black mambas
  18 spiny frogs
  4 rime drakes
  7 komodo dragons
  A tengu conjurer (D:13)
  A kobold demonologist (D:11)
  4 swamp worm zombies (Swamp:4)
  The ghost of Elvor the Cudgeler, a novice GrFi (D:4)
  2 efreet (D:13)
  3 hydra zombies (Swamp:4)
  A queen bee (D:8)
  A polar bear (Lair:1)
  4 trolls
  5 tyrant leeches
  8 bog bodies
  3 hornets
  12 slime creatures
  3 blink frogs
  6 hippogriffs
  4 alligator zombies (Swamp:4)
  3 spectral swamp dragons (Swamp:4)
  A shadow (D:12)
  Sigmund (D:2)
  2 wraiths
  52 yaks
  A wyvern (Lair:4)
  3 fire elementals
  Grum (Lair:1)
  5 hogs (D:12)
  A basilisk (Lair:4)
  A hungry ghost (D:12)
  17 vampire mosquitoes
  Menkaure (D:5)
  29 insubstantial wisps
  4 wargs (Orc:2)
  62 nagas
  12 swamp worms
  4 hell hounds (Snake:2)
  2 acid dragons
  2 hydra simulacra (Lair:6)
  11 water moccasins
  8 porcupines
  7 swamp drakes
  36 orc warriors
  10 phantoms
  3 slaves (D:9)
  A black bear (D:8)
  4 swamp dragon zombies (Swamp:4)
  3 ice beasts
  4 sky beasts
  A black mamba simulacrum (Lair:6)
  2 necrophages
  7 ogres
  10 wolves
  8 centaurs
  12 crocodiles
  3 big kobolds
  Blork the orc (D:5)
  13 bullfrogs
  A spiny frog simulacrum (Lair:6)
  A lindwurm simulacrum (Lair:6)
  7 scorpions
  82 killer bees
  6 howler monkeys
  9 wights
  2 electric eels (Lair:5)
  6 crimson imps
  3 bullfrog zombies
  A centaur zombie (D:4)
  6 jellies
  3 quasits
  16 orc priests
  7 hounds
  A komodo dragon simulacrum (Lair:6)
  3 centaur skeletons
  A bullfrog skeleton (D:4)
  6 iguanas
  23 orc wizards
  2 spectral swamp drakes (Swamp:4)
  6 hell rats
  15 worker ants
  A hound skeleton (D:6)
  A worker ant zombie (D:4)
  3 howler monkey zombies
  23 adders
  A howler monkey skeleton (D:4)
  7 shadow imps
  3 oozes
  5 adder skeletons
  A worm (D:3)
  A dart slug (D:1)
  11 leopard geckos
  88 orcs
  A ball python (D:3)
  5 bats
  8 giant cockroaches
  6 goblins
  8 hobgoblins
  16 jackals
  12 kobolds
  7 quokkas
  2 frilled lizards
  A quokka skeleton (D:6)
  5 rats
  A toadstool (D:1)
1167 creatures vanquished.

Vanquished Creatures (others)
  A spiny frog (Swamp:4)
  A centaur (D:13)
  An orc (D:13)
  14 fungi
  12 plants
  3 toadstools (D:1)
32 creatures vanquished.

Grand Total: 1199 creatures vanquished

Notes
Turn   | Place    | Note
-------+----------+-------------------------------------------
     0 | D:1      | KyoPewz the Felid Enchanter began the quest for the Orb.
     0 | D:1      | Reached XP level 1. HP: 7/7 MP: 4/4
   257 | D:1      | Reached XP level 2. HP: 11/11 MP: 6/6
   921 | D:2      | Learned a level 2 spell: Ensorcelled Hibernation
  1017 | D:2      | Reached XP level 3. HP: 9/14 MP: 2/7
  1468 | D:2      | Noticed Sigmund
  1646 | D:2      | Learned a level 3 spell: Tukima's Dance
  1958 | D:3      | Reached XP level 4. HP: 15/18 MP: 4/8
  2220 | D:3      | Reached skill level 5 in Hexes
  3579 | D:3      | Reached XP level 5. HP: 16/21 MP: 7/10
  3904 | D:3      | Reached skill level 1 in Ice Magic
  3917 | D:3      | Learned a level 3 spell: Dazzling Flash
  4007 | D:3      | Found a burning altar of Makhleb.
  4009 | D:3      | Found a snail-covered altar of Cheibriados.
  4011 | D:3      | Found a sacrificial altar of Ru.
  4012 | D:3      | Found a bloodstained altar of Trog.
  4212 | D:3      | Found a stormy altar of Qazlal.
  4332 | D:4      | Reached skill level 5 in Stealth
  4504 | D:4      | Found a runed translucent gate.
  4504 | D:4      | Found a runed translucent gate.
  4504 | D:4      | Found a runed translucent gate.
  4506 | D:4      | Noticed Elvor's ghost (novice GrFi)
  4526 | D:4      | Noticed an ogre
  4764 | D:4      | Found Wireuv's General Store.
  4775 | D:4      | Gained mutation: You are covered in thick fur. (AC +2)
                  | [Felid growth]
  4775 | D:4      | Reached XP level 6. HP: 24/24 MP: 8/11
  4778 | D:4      | Bought a potion of curing for 39 gold pieces
  4778 | D:4      | Bought a scroll of fog for 26 gold pieces
  5120 | D:4      | Found a glowing golden altar of the Shining One.
  5427 | D:5      | Entered Level 5 of the Dungeon
  5440 | D:5      | Noticed Menkaure
  5615 | D:5      | Found a shattered altar of Ashenzari.
  5736 | D:5      | Reached XP level 7. HP: 27/27 MP: 2/12
  6082 | D:5      | Found a shimmering altar of Xom.
  6206 | D:5      | Reached skill level 5 in Dodging
  6206 | D:5      | Reached skill level 6 in Stealth
  6268 | D:5      | Learned a level 3 spell: Confusing Touch
  6844 | D:5      | Reached skill level 5 in Unarmed Combat
  6921 | D:5      | Reached skill level 1 in Fighting
  7014 | D:5      | Noticed Blork the orc
  7017 | D:5      | Killed Blork the orc
  7017 | D:5      | Reached skill level 7 in Stealth
  7017 | D:5      | Reached XP level 8. HP: 32/32 MP: 13/13
  7659 | D:6      | Found Wile Vamm's Distillery.
  7664 | D:6      | Bought a potion of flight for 39 gold pieces
  8920 | D:7      | Reached skill level 8 in Stealth
  9875 | D:7      | Noticed a hippogriff
  9879 | D:7      | Killed a hippogriff
  9879 | D:7      | Reached skill level 1 in Conjurations
  9897 | D:7      | Found a staircase to the Ecumenical Temple.
  9905 | Temple   | Entered the Ecumenical Temple
  9921 | Temple   | Became a worshipper of Dithmenos the Shadowed
  9941 | D:7      | Found Xategil's Assorted Antiques.
  9960 | D:7      | Reached skill level 9 in Stealth
  9960 | D:7      | Reached XP level 9. HP: 26/36 MP: 9/14
 10905 | D:8      | Found Juqog's Magic Scroll Shop.
 10937 | D:8      | Noticed Joseph
 11134 | D:8      | Slain by Joseph
 11135 | D:8      | Reached XP level 8. HP: 0/33 MP: 10/13
 11374 | D:8      | Found a blossoming altar of Fedhas.
 11614 | D:9      | Found Amusocvu's Armour Emporium.
 11892 | D:8      | Reached skill level 10 in Stealth
 11898 | D:8      | Reached * piety under Dithmenos
 11942 | D:8      | Found an ancient bone altar of Kikubaaqudgha.
 12141 | D:8      | Reached XP level 9. HP: 31/38 MP: 5/14
 12618 | D:8      | Noticed a two-headed ogre
 12625 | D:8      | Killed a two-headed ogre
 12718 | D:8      | Learned a level 1 spell: Shock
 12753 | D:8      | Noticed a queen bee
 13045 | D:8      | Reached skill level 11 in Stealth
 13309 | D:8      | Killed a queen bee
 13309 | D:8      | Reached skill level 1 in Air Magic
 13359 | D:8      | Killed Joseph
 13359 | D:8      | Reached XP level 10. HP: 43/43 MP: 7/15
 13484 | D:8      | Found a shimmering altar of Xom.
 13763 | D:2      | Killed Sigmund
 14032 | D:6      | Bought a potion of cancellation for 104 gold pieces
 14032 | D:6      | Bought a potion of cancellation for 104 gold pieces
 14249 | D:6      | Reached ** piety under Dithmenos
 14708 | D:9      | Noticed Pikel
 15028 | D:9      | Found Heruo's Antique Weapon Emporium.
 15034 | D:9      | Noticed a two-headed ogre
 15047 | D:9      | Killed a two-headed ogre
 15145 | D:9      | Killed Pikel
 15467 | D:9      | Found Weokh's Weapon Boutique.
 15691 | D:9      | Found Zide's Assorted Antiques.
 15697 | D:9      | Bought a purple potion for 24 gold pieces
 15697 | D:9      | Bought a viscous ruby potion for 24 gold pieces
 15708 | D:9      | Reached skill level 5 in Fighting
 15722 | D:9      | Reached skill level 12 in Stealth
 15876 | D:10     | Entered Level 10 of the Dungeon
 15880 | D:10     | Noticed a death yak
 16654 | D:10     | Noticed a death yak
 16660 | D:10     | Noticed a death yak
 16902 | D:10     | Found a staircase to the Lair.
 17089 | D:10     | Reached skill level 10 in Hexes
 17364 | Lair:1   | Entered Level 1 of the Lair of Beasts
 17401 | Lair:1   | Reached *** piety under Dithmenos
 17405 | Lair:1   | Reached XP level 11. HP: 45/48 MP: 8/16
 18318 | Lair:1   | Noticed a seven-headed hydra
 18322 | Lair:1   | Killed a seven-headed hydra
 18322 | Lair:1   | Reached skill level 13 in Stealth
 18398 | Lair:1   | Noticed Grum
 18499 | Lair:1   | HP: 2/48 [poisoned by a killer bee]
 18809 | Lair:1   | Killed Grum
 19005 | Lair:1   | Reached **** piety under Dithmenos
 19061 | Lair:1   | Reached skill level 10 in Unarmed Combat
 20910 | Lair:2   | Reached skill level 14 in Stealth
 21018 | Lair:2   | Noticed a death yak
 21018 | Lair:2   | Noticed a death yak
 21078 | Lair:2   | Noticed a death yak
 21431 | D:10     | Reached skill level 10 in Dodging
 22475 | D:9      | Learned a level 2 spell: Poisonous Vapours
 22776 | D:10     | Killed a death yak
 23050 | D:10     | Killed a death yak
 23050 | D:10     | Reached skill level 1 in Poison Magic
 23050 | D:10     | Gained mutation: Your thick and shaggy fur keeps you warm.
                  | (AC +3, rC+) [Felid growth]
 23050 | D:10     | Reached XP level 12. HP: 53/53 MP: 5/17
 23232 | D:10     | Killed a death yak
 23445 | Lair:1   | Killed a death yak
 23683 | Lair:1   | Killed a death yak
 24142 | Lair:1   | Killed a death yak
 24571 | Lair:2   | Reached skill level 15 in Stealth
 24840 | Lair:2   | Found a staircase to the Snake Pit.
 24875 | Lair:2   | Reached ***** piety under Dithmenos
 25155 | D:9      | Bought a scroll labeled WUNWUIGOPH for 27 gold pieces
 25155 | D:9      | Bought a scroll labeled RIACOSK SYHA for 27 gold pieces
 25229 | D:7      | Bought a scroll labeled RIACOSK SYHA for 27 gold pieces
 25262 | D:8      | Bought a scroll of blinking for 90 gold pieces
 25653 | Lair:3   | Found a staircase to the Swamp.
 25908 | Lair:3   | Reached skill level 1 in Invocations
 26847 | Lair:4   | Noticed a six-headed hydra
 26858 | Lair:4   | Killed a six-headed hydra
 26921 | Lair:4   | Reached skill level 16 in Stealth
 26921 | Lair:4   | Reached XP level 13. HP: 36/58 MP: 2/18
 29316 | Lair:5   | Found a staircase to the Slime Pits.
 29317 | Lair:5   | Found a viscous altar of Jiyva.
 29642 | Lair:5   | Learned a level 2 spell: Blink
 30522 | Lair:5   | Reached skill level 5 in Invocations
 30736 | Lair:5   | Found a staircase to the Slime Pits.
 30736 | Lair:5   | Found a viscous altar of Jiyva.
 31255 | Lair:5   | Found a staircase to the Slime Pits.
 31256 | Lair:5   | Found a viscous altar of Jiyva.
 31394 | Lair:6   | Entered Level 6 of the Lair of Beasts
 31658 | Lair:6   | Found a runed translucent gate.
 31659 | Lair:6   | Found a runed translucent gate.
 31872 | Lair:6   | Found a runed translucent gate.
 34113 | Lair:6   | Reached skill level 17 in Stealth
 34113 | Lair:6   | Reached XP level 14. HP: 48/63 MP: 12/20
 34346 | Lair:6   | Noticed nyroko's ghost (journeyman GnCj)
 34750 | Lair:6   | Got the ring "Muav" {Fire}
 34767 | Lair:6   | Identified the ring "Muav" {Fire rPois rN++ Dex-4 Slay+4}
                  | (You found it on level 6 of the Lair of Beasts)
 34868 | Lair:6   | Killed nyroko's ghost
 34868 | Lair:6   | Reached skill level 1 in Evocations
 35273 | D:4      | Killed Elvor's ghost
 35355 | D:5      | Killed Menkaure
 35373 | D:5      | Found Cirghuuph's Antique Armour Emporium.
 35555 | D:11     | Found Enawn's Assorted Antiques.
 35858 | D:11     | Bought 2 fuming purple potions for 59 gold pieces
 36086 | D:11     | Reached ****** piety under Dithmenos
 37127 | D:12     | Noticed Kirke
 37485 | D:12     | Noticed Rupert
 37524 | D:12     | Killed Rupert
 37524 | D:12     | Reached skill level 5 in Evocations
 37791 | D:12     | Killed Kirke
 37803 | D:12     | Found a staircase to the Orcish Mines.
 38156 | Orc:1    | Entered Level 1 of the Orcish Mines
 38306 | Orc:2    | Entered Level 2 of the Orcish Mines
 38306 | Orc:2    | Noticed Maurice
 38309 | Orc:2    | Killed Maurice
 38310 | Orc:2    | Found a staircase to the Elven Halls.
 38394 | Orc:2    | Found a runed translucent door.
 38423 | Orc:2    | Noticed tensugalgo's ghost (journeyman TrFi)
 38803 | Orc:1    | Noticed Gastronok
 39113 | Orc:1    | Killed Gastronok
 40676 | Orc:2    | Noticed an orc warlord
 40993 | Orc:1    | Reached XP level 15. HP: 65/66 MP: 15/21
 41199 | Orc:1    | Killed an orc warlord
 41479 | Orc:2    | Found Bionil's Antique Armour Shoppe.
 41480 | Orc:2    | Found Wingoin's Antique Weapon Shoppe.
 41482 | Orc:2    | Found Fauwaz's General Store.
 41482 | Orc:2    | Found Momiutich's Book Emporium.
 41509 | Orc:2    | Bought a scroll of identify for 36 gold pieces
 41509 | Orc:2    | Bought a potion of lignification for 54 gold pieces
 41509 | Orc:2    | Bought a potion of curing for 54 gold pieces
 41589 | Orc:2    | Killed tensugalgo's ghost
 41890 | D:9      | Bought a worn bronze wand for 108 gold pieces
 41890 | D:9      | Bought a scroll of teleportation for 81 gold pieces
 41890 | D:9      | Bought a gilded ring for 135 gold pieces
 41890 | D:9      | Bought a wand of flame (15) for 27 gold pieces
 41947 | D:8      | Bought a scroll of teleportation for 36 gold pieces
 41947 | D:8      | Bought a scroll of teleportation for 36 gold pieces
 41947 | D:8      | Bought a scroll of identify for 24 gold pieces
 41947 | D:8      | Bought 2 scrolls of teleportation for 72 gold pieces
 41947 | D:8      | Bought a scroll of identify for 24 gold pieces
 41947 | D:8      | Bought a scroll of teleportation for 36 gold pieces
 41947 | D:8      | Bought a scroll of identify for 24 gold pieces
 42072 | D:6      | Bought a potion of heal wounds for 65 gold pieces
 42072 | D:6      | Bought a potion of heal wounds for 65 gold pieces
 42072 | D:6      | Bought a potion of haste for 130 gold pieces
 42072 | D:6      | Bought a potion of lignification for 39 gold pieces
 42117 | D:7      | Bought an iron ring for 135 gold pieces
 42247 | Swamp:1  | Entered Level 1 of the Swamp
 42368 | Swamp:1  | Reached skill level 15 in Hexes
 43045 | Swamp:2  | Reached skill level 15 in Dodging
 43292 | Swamp:2  | Reached skill level 5 in Ice Magic
 43293 | Swamp:2  | Noticed a thorn hunter
 43310 | Swamp:2  | Killed a thorn hunter
 44392 | Swamp:3  | Found a hazy altar of Hepliaklqana.
 44475 | Swamp:3  | Noticed a thorn hunter
 44526 | Swamp:3  | Found a runed translucent door.
 44527 | Swamp:3  | Noticed Uhagir's ghost (adept GrFi)
 44556 | Swamp:3  | Noticed a tentacled monstrosity
 44678 | Swamp:4  | Entered Level 4 of the Swamp
 45022 | Swamp:3  | Killed from afar by a thorn hunter
 45023 | Swamp:3  | Reached XP level 14. HP: -20/63 MP: 14/21
 45156 | Snake:1  | Entered Level 1 of the Snake Pit
 45156 | Snake:1  | Found Icyax's General Store.
 45595 | Snake:1  | Reached XP level 15. HP: 25/66 MP: 17/22
 47000 | Snake:2  | Found an ancient bone altar of Kikubaaqudgha.
 47191 | Snake:2  | HP: 1/66 [mana viper (16)]
 48729 | Snake:2  | Reached skill level 5 in Translocations
 48729 | Snake:2  | Reached skill level 10 in Evocations
 49017 | Snake:3  | Noticed Azrael
 49024 | Snake:2  | Killed Azrael
 50190 | Snake:3  | Noticed a nagaraja
 50197 | Snake:3  | Killed a nagaraja
 50253 | Snake:3  | Reached XP level 16. HP: 26/70 MP: 3/24
 51002 | Snake:3  | Reached skill level 10 in Invocations
 51409 | Snake:2  | Learned a level 3 spell: Mephitic Cloud
 53434 | Snake:4  | Entered Level 4 of the Snake Pit
 53498 | Snake:4  | Reached skill level 5 in Conjurations
 53540 | Snake:4  | Noticed Aizul
 54273 | Snake:4  | Mangled by Aizul
 54274 | Snake:4  | Reached XP level 15. HP: -12/66 MP: 20/23
 54294 | Snake:4  | Got a scorched ruby amulet
 54972 | Snake:4  | Reached skill level 5 in Air Magic
 55799 | Snake:4  | Killed Aizul
 55999 | Snake:4  | Identified the amulet of Jares {Regen+ Slay+3} (You found
                  | it on level 4 of the Snake Pit)
 56182 | Snake:4  | Noticed a nagaraja
 56593 | Snake:4  | Noticed a nagaraja
 56907 | Snake:4  | Noticed Agnes
 56914 | Snake:4  | Killed Agnes
 57355 | Snake:4  | Killed a nagaraja
 57546 | Snake:4  | Noticed a nagaraja
 57571 | Snake:4  | Reached XP level 16. HP: 70/70 MP: 21/25
 58751 | Snake:3  | Killed from afar by a shock serpent
 58752 | Snake:3  | Reached XP level 15. HP: -1/66 MP: 24/24
 58920 | Snake:4  | Killed a nagaraja
 58920 | Snake:4  | Reached skill level 15 in Unarmed Combat
 59037 | Snake:4  | Noticed a nagaraja
 59900 | Snake:4  | Noticed a nagaraja
 59909 | Snake:3  | Learned a level 4 spell: Hailstorm
 60125 | Snake:4  | Killed a nagaraja
 60237 | Snake:4  | Noticed a nagaraja
 60387 | Snake:4  | Killed a nagaraja
 60387 | Snake:4  | Reached skill level 5 in Spellcasting
 61516 | Snake:4  | Killed a nagaraja
 61726 | Snake:4  | Noticed a nagaraja
 61731 | Snake:4  | Killed a nagaraja
 61736 | Snake:4  | Got a serpentine rune of Zot
 61758 | Snake:4  | Noticed a nagaraja
 62366 | Snake:4  | Killed a nagaraja
 63741 | Swamp:4  | Found a runed translucent gate.
 63741 | Swamp:4  | Noticed Almogavar's ghost (adept MiBe)
 63741 | Swamp:4  | Noticed a thorn hunter
 63767 | Swamp:4  | Found a runed translucent gate.
 63767 | Swamp:4  | Found a runed translucent gate.
 64477 | Swamp:4  | Noticed a bone dragon
 64600 | Swamp:4  | Learned a level 4 spell: Airstrike
 65505 | Swamp:4  | Reached skill level 18 in Stealth
 65843 | Swamp:4  | Reached XP level 16. HP: 49/70 MP: 18/27
 67290 | Swamp:4  | Identified the Catalogue of Transmutation
 67319 | Swamp:4  | Got a decaying rune of Zot
 67620 | D:13     | Found Gedezxez's Jewellery Shoppe.
 67899 | D:13     | Bought the ring of Estruol {*Corrode rF+ MR+ Str+8 Stlth+}
                  | for 774 gold pieces
 67992 | D:13     | Noticed Jorgrun
 68091 | D:13     | Identified a scroll of acquirement
 68092 | D:13     | Acquired the Tome of Enchantment
 68144 | D:13     | Noticed Sonja
 68830 | D:13     | Killed Jorgrun
 69013 | D:13     | Killed Sonja
 69540 | D:14     | Noticed Frances
 69720 | D:14     | Identified the ring "Itrevaun" {rF+ rN+ MP+9}
 69769 | D:14     | Shot with an arrow by a centaur warrior

Illustrated notes

Levels and vault maps discovered:
D:1:      ldierk_water_garden, layout_basic
D:2:      layout_basic, uniq_sigmund
D:3:      minmay_evil_eye, layout_basic, minitemple,
          nicolae_qazlal_general_emergency
D:4:      layout_gridville, nicolae_tso_swordbearing_angel,
          gammafunk_ghost_necromancy, serial_shops, shop, first_ration
D:5:      layout_gridville, old_standard_altar, serial_shops, shop,
          corexii_item_surrounded_by_moat, cheibrodos_ashenzari_chains,
          uniq_blork_the_orc, uniq_menkaure
D:6:      minmay_opposing_rooms, layout_loops_corners, serial_shops,
          nicolae_shop_waterfront, solitary_fountain
D:7:      layout_loops_ring, minmay_temple_entry_junction, serial_shops, shop,
          roderic_lattice_a, minmay_manual_maat
D:8:      layout_basic, grunt_temple_overflow_growth_and_decay, serial_shops,
          shop, david_nohive_1, tgw_xom, uniq_joseph
D:9:      layout_long_grid, serial_shops, shop, shop_fountains, shop,
          nicolae_shop_waterfront, uniq_pikel
D:10:     layout_gridville, dpeg_lair_monsters, serial_rivers,
          chequers_serial_rivers_small_a, chequers_serial_rivers_micro_e,
          chequers_serial_rivers_small_a, chequers_serial_rivers_marsh,
          chequers_serial_rivers_micro_c
D:11:     layout_roguey [special_room_orc], minmay_shop_grid_forest
D:12:     layout_loops_cross, orc_0_dummy, uniq_rupert, uniq_kirke
D:13:     layout_cross, serial_shops, shop, uniq_jorgrun, uniq_sonja
D:14:     minmay_cut_squares, layout_loops_ring, erik_vaults_2, serial_shops,
          shop, nicolae_two_hexagons, uniq_frances
Temple:   oiseaux_autumnal_temple
Lair:1:   wad_woods_minihive, layout_small_grid, uniq_grum
Lair:2:   layout_misc_corridors, minmay_snake_entry_guardpost_small,
          lemuel_fruit_tree
Lair:3:   layout_hall_layers, skrybe_swamp_entry_bodies, minivault_19
Lair:4:   layout_loops_ring
Lair:5:   layout_long_grid, slime_altar_1, infiniplex_staircase_pool,
          serial_bayou_shore_a
Lair:6:   evilmike_catoblepas_cave, layout_regular_city, gammafunk_ghost_icy
Swamp:1:  layout_falls_marsh, hangedman_swamp_ruin_wall
Swamp:2:  layout_basic_swamp, nicolae_swamp_very_dense_foliage
Swamp:3:  cheibrodos_swamp_monstrosity, layout_basic_swamp,
          gammafunk_ghost_grave, nicolae_swamp_godswood
Swamp:4:  swamp_pestilence, layout_basic_swamp, gammafunk_ghost_split,
          swamp_pool5, evilmike_swamp_ruin_house_1
Snake:1:  layout_rooms, serial_shops, nicolae_shop_statue_plus
Snake:2:  layout_gridlike, basic_altar
Snake:3:  cheibrodos_forgotten_conduit, layout_cave_shapes, uniq_azrael
Snake:4:  johnstein_snake_rune_scales, layout_cave_town, uniq_aizul, uniq_agnes
Orc:1:    layout_caves, uniq_gastronok
Orc:2:    st_orc_congregation, layout_diamond_mine, ebering_ghost_inner_flame,
          uniq_maurice

Skill      XL: |  1  2  3  4  5  6  7  8  9 10 11 12 13 14 15 16 |
---------------+-------------------------------------------------+-----
Dodging        | 3 4 5 7 8 10 11 12 14 15 | 15.0
Unarmed Combat | 2 3 4 5 7 8 9 10 12 15 | 15.0
Hexes          | 5 6 8 9 10 11 12 13 14 15 16 | 16.2
Ice Magic      | 1 2 3 4 6 7 |  7.8
Spellcasting   | 3 6 7 |  7.6
Stealth        | 5 7 10 11 12 14 16 17 18 | 18.0
Fighting       | 1 2 4 5 6 7 8 |  8.0
Conjurations   | 2 3 4 7 5 |  7.6
Air Magic      | 1 2 3 5 4 |  5.0
Poison Magic   | 1 2 4 3 |  4.0
Invocations    | 2 5 11 10 | 11.0
Translocations | 3 5 |  5.0
Evocations     | 7 10 | 10.0

Action                   |  1- 3 |  4- 6 |  7- 9 | 10-12 | 13-15 | 16-18 || total
-------------------------+-------+-------+-------+-------+-------+-------++-------
Melee: Unarmed           |    96 |    81 |   287 |   358 |  1571 |   228 ||  2621
       Bite              |     6 |     2 |    18 |    18 |   130 |    19 ||   193
       Punch             |       |     1 |     8 |     9 |    75 |    13 ||   106
 Cast: Ensorcelled Hiber |     8 |    67 |   110 |   240 |   631 |   175 ||  1231
       Corona            |     6 |     4 |    33 |    28 |    82 |    30 ||   183
       Tukima's Dance    |       |     3 |       |       |     2 |       ||     5
       Confusing Touch   |       |       |    16 |    16 |    42 |    15 ||    89
       Poisonous Vapours |       |       |       |    57 |   134 |       ||   191
       Shock             |       |       |       |    18 |    34 |     3 ||    55
       Dazzling Flash    |       |       |       |     3 |     3 |       ||     6
       Blink             |       |       |       |       |    24 |     1 ||    25
       Hailstorm         |       |       |       |       |    40 |       ||    40
       Airstrike         |       |       |       |       |    37 |    63 ||   100
Invok: Shadow Step       |       |       |       |     1 |       |     1 ||     2
 Abil: Evoke Flight      |       |       |       |     1 |     6 |     1 ||     8
       Stop Flying       |       |       |       |       |     2 |       ||     2
Evoke: Wand              |       |       |       |     5 |    79 |     6 ||    90
       Phial of floods   |       |       |       |       |     2 |       ||     2
       Phantom mirror    |       |       |       |       |     1 |       ||     1
  Use: Scroll            |       |     9 |     4 |    11 |    16 |     2 ||    42
       Potion            |       |       |     3 |     5 |     5 |     3 ||    16
 Stab: Sleeping          |    16 |    50 |    88 |   155 |   416 |    72 ||   797
       Distracted        |     1 |     1 |     3 |     1 |     9 |     1 ||    16
       Confused          |       |       |    12 |     7 |    37 |     7 ||    63
       Invisible         |       |       |       |       |     1 |       ||     1
  Eat: Chunk             |    10 |    10 |    20 |    48 |   111 |    17 ||   216
       Ration            |       |       |       |       |     2 |    10 ||    12
Armor: Skin              |     6 |     2 |    12 |    59 |    33 |     2 ||   114
Dodge: Dodged            |    65 |    42 |   243 |   334 |  1647 |   389 ||  2720
